 Dungeon Crawl Stone Soup version 0.31-a0-232-gb1c03b2570 (webtiles) character file.

Game seed: 6438061617812850932

58148 holysushi the Acrobat (level 15, -1/113 HPs)
             Began as a Meteoran Earth Elementalist on July 6, 2023.
             Was an Elder of Qazlal.
             Killed from afar by a swamp dragon (10 damage)
             ... with a blast of poison
             ... on level 1 of the Snake Pit on July 7, 2023.
             The game lasted 00:56:18 (6284 turns).

holysushi the Acrobat (Meteoran Earth Elementalist) Turns: 6284, Time: 00:56:19

Health: -1/113     AC:  7    Str: 11    XL:     15   Next: 73%
Magic:  12/37      EV: 24    Int: 19    God:    Qazlal [****..]
Gold:   1301       SH: 19    Dex: 18    Spells: 27/38 levels left

rFire   . . .        D - staff of earth
rCold   . . .        y - +3 kite shield
rNeg    + . .        x - +0 troll leather armour
rPois   .            j - +1 helmet
rElec   .            c - scarf of Stoicism {repulsion, Contam rN+ rCorr}
rCorr   +            (no gloves)
SInv    +            w - +0 pair of boots
Will    +....        i
                       - Hermit's Pendant {Faith Invo=14 Evo=0 MP+5}
Stlth   +            (no ring)
HPRegen 1.18/turn    (no ring)
MPRegen 0.25/turn

%: repel missiles, faith
@: lethally poisoned (-1 -> -4), glowing, studying Dodging
A: sense surroundings 2, otherworldly, glowing, explore regen, see invisible,
clumsy 1, subdued magic 2
a: Renounce Religion, Upheaval, Elemental Force


You were on level 1 of the Snake Pit.
You worshipped Qazlal.
Qazlal was greatly pleased with you.
You visited 6 branches of the dungeon, and saw 22 of its levels.
You also visited: Sewer, Bailey and Ice Cave.

You collected 1364 gold pieces.
You spent 63 gold pieces at shops.

Inventory:

Hand Weapons
 h - the +8 quarterstaff of Hourch Ezyo {freeze, Int+6}
   (You found it on level 10 of the Dungeon)

   Int:       It affects your intelligence (+6).
Armour
 c - the scarf of Stoicism (worn) {repulsion, Contam rN+ rCorr}
   (You acquired it on level 2 of the Dungeon)

   rN:        It protects you from negative energy.
   Contam:    It causes magical contamination when unequipped.
   rCorr:     It protects you from acid and corrosion.
 j - a +1 helmet (worn)
 w - a +0 pair of boots (worn)
 x - a +0 troll leather armour (worn)
 y - a +3 kite shield (worn)
 C - a +0 cloak of cold resistance
Magical Staves
 f - a staff of conjuration
 D - a staff of earth (weapon)
Jewellery
 i - the Hermit's Pendant (around neck) {Faith Invo=14 Evo=0 MP+5}
   (You found it on level 3 of the Dungeon)

   [amulet of faith]

   Invo=14: It sets your Invocations skill to 14.
   Evo=0: It sets your Evocations skill to 0.
   It allows you to gain divine favour quickly.
   MP:        It affects your magic capacity (+5).
Wands
 o - a wand of iceblast (18)
 r - a wand of quicksilver (11)
Scrolls
 a - a scroll of revelation
 d - 3 scrolls of fog
Potions
 b - 2 potions of magic
 e - 2 potions of might
 k - a potion of resistance
 m - 2 potions of berserk rage
 n - 2 potions of brilliance {unknown}
 p - 2 potions of enlightenment
 s - 4 potions of heal wounds {unknown}
 z - a potion of lignification {unknown}
 E - a potion of mutation
 F - a potion of haste


   Skills:
 - Level 5.0 Fighting
 - Level 6.9 Staves
 + Level 22.4 Dodging
 - Level 1.4 Stealth
 - Level 5.0 Shields
 - Level 12.0 Spellcasting
 - Level 8.0 Conjurations
 - Level 6.0 Translocations
 - Level 1.3 Transmutations
 - Level 13.6 Earth Magic


You had 27 spell levels left.
You knew the following spells:

 Your Spells              Type           Power      Damage    Failure   Level
a - Sandblast             Erth           100%       2d20      1%          1
b - Passwall              Tmut/Erth      30%        N/A       1%          2
c - Stone Arrow           Conj/Erth      98%        3d13      1%          3
d - Petrify               Tmut/Erth      37%        N/A       10%         4
z - Apportation           Tloc           42%        N/A       1%          1

Your spell library contained the following spells:

 Spells                   Type           Power      Damage    Failure   Level
 Hailstorm                Conj/Ice       16%        3d6       12%         3
 Leda's Liquefaction      Hex/Erth       17%        N/A       13%         4
 Portal Projectile        Hex/Tloc       28%        N/A       19%         3
 Ensorcelled Hibernation  Hex/Ice        14%        N/A       32%         2
 Flame Wave               Conj/Fire      16%        2d7       41%         4
 Sticky Flame             Conj/Fire      16%        2d4       41%         4
 Call Canine Familiar     Summ           7%         N/A       56%         3
 Inner Flame              Hex/Fire       7%         N/A       56%         3
 Ozocubu's Armour         Ice            7%         N/A       56%         3
 Swiftness                Air            7%         N/A       56%         3
 Ice Form                 Ice/Tmut       8%         N/A       88%         4
 Alistair's Intoxication  Tmut/Pois      5%         N/A       99%         5
 Simulacrum               Ice/Necr       3%         N/A       100%        6
 Ozocubu's Refrigeration  Ice            3%         4d8       100%        7


Dungeon Overview and Level Annotations

Branches:
Dungeon (12/15) Zot: 3484  Temple (1/1) D:6 Zot: 566    Lair (5/5) D:10 Zot: 1385
 Shoals (0/4) Lair:2        Snake (2/4) Lair:2 Zot: 960   Slime (1/5) Lair:5 Zot: 594
    Orc (1/2) D:10 Zot: 575   Sewer (visited)          Bailey (visited)
  IceCv (visited)

Altars:
Ashenzari
Fedhas
Gozag
Hepliaklqana
Kikubaaqudgha
Makhleb
Nemelex Xobeh
Okawaru
Qazlal
Sif Muna
Trog
Uskayaw
Vehumet
Xom
Jiyva

Shops:
D:1 *   D:3 =([   D:5 !   D:10 (

Portals:
Trove: D:12 (show slimy rune of Zot)


Innate Abilities, Weirdness & Mutations

You passively map the area around you.
You are easily found by Zot.
You glow in the dark.
You regain HP and MP as you explore.
You have supernaturally acute eyesight. (SInv)
You are clumsy. (Dex -2)
Your spells are easier to cast, but less powerful.


Message History

The stunning burst hits Aizul!
Aizul is paralysed.
The helpless Aizul fails to defend herself.
You hit Aizul but do no damage.
The helpless Aizul fails to defend herself.
You hit Aizul but do no damage.
Aizul is severely wounded.
You feel sick.
Aizul is no longer paralysed.
Your air elemental fires a burst of electricity at Aizul.
The stunning burst hits Aizul.
Aizul is paralysed.
Your air elemental fires a burst of electricity at Aizul.
The stunning burst hits your air elemental.
Your air elemental completely resists.
The stunning burst hits Aizul.
Your air elemental fires a burst of electricity at Aizul.
The stunning burst hits Aizul!
Your air elemental hits Aizul but does no damage.
Your air elemental hits Aizul.
Your air elemental hits Aizul!
You feel very sick.
Aizul is no longer paralysed.
Your air elemental fires a burst of electricity at Aizul.
The stunning burst hits Aizul.
Aizul dies!
Qazlal accepts your kill.
You feel sick.
You feel sick.
You feel sick.
You feel sick.
You hear a deafening roar!
You feel sick.
Your air elemental disappears in a puff of smoke!
You feel sick.
You feel sick.
You are no longer poisoned.
Your air elemental disappears in a puff of smoke! x2
A swamp dragon comes into view.
The swamp dragon roars deafeningly!
You hear a roar! x2
The swamp dragon breathes poison at you.
The blast of poison engulfs you!
You are poisoned.
You die...

, *>.* * #≈ ≈≈ ~ , * ,
.#####≈##≈≈ ~~ , * , ,* ,
...#≈≈≈≈≈≈ ~ , ,, ,
###..#≈≈≈≈≈#~ * ~ *
#....≈≈≈≈≈≈≈ ~~~~ ,*
#....≈≈.~≈#P ~ * ,
#....○.~P...~ ~ , ,
#....≈#≈≈~~≈ ,~~ ~ * * *
#####@°§#~≈#≈ ~ * *
#.###E≈#☼○##≈~
############.§...≈#≈≈D≈≈
~ ~
#......#.....§#.§≈≈≈≈#≈≈
~* ,
.......≈≈...§.##.#≈≈≈≈≈≈~
###....###...##.≈≈#≈≈≈≈~
.###.>...##..>..........
,
.......#.###...###......
, , ,,
#........).^.[)..###....
, *


You could see a swamp dragon (catching breath) and a friendly air elemental
(summoned).

Vanquished Creatures
  An acid blob (Slime:1)
  A thorn hunter (Snake:1)
  A rockslime (Slime:1)
  A frost giant (IceCv)
  An azure jelly (Slime:1)
  4 hydras
  A boulder beetle (Lair:1)
  2 anacondas (Snake:1)
  A two-headed ogre (D:10)
  4 death yaks (IceCv)
  A shock serpent (Snake:1)
  3 naga sharpshooters (Snake:1)
  Sonja (D:11)
  5 skysharks
  2 goliath frogs (Lair:5)
  A swamp dragon (Snake:1)
  A lindwurm (Lair:2)
  An ugly thing (D:11)
  Maurice (D:11)
  3 elephants (Lair:5)
  2 naga magi (Snake:1)
  12 black mambas
  An ice statue (IceCv)
  A gargoyle (D:11)
  14 cane toads
  A kobold demonologist (D:10)
  2 komodo dragons
  2 ice devils (Lair:5)
  2 rime drakes (Lair:5)
  9 polar bears (IceCv)
  A troll (D:10)
  Prince Ribbit (D:6)
  2 tyrant leeches (Lair:5)
  19 blink frogs
  3 slime creatures
  2 wraiths
  A shadow (D:11)
  A wyvern (Lair:1)
  35 yaks
  4 golden eyes (Slime:1)
  3 humans
  9 vampire mosquitoes
  A basilisk (Lair:4)
  4 wargs (D:10)
  2 nagas
  20 water moccasins
  A swamp drake (Snake:1)
  2 black bears
  2 ice beasts
  7 orc warriors
  A sky beast (D:8)
  3 ogres
  31 wolves
  2 centaurs
  A phantom (D:5)
  11 kobold brigands
  17 bullfrogs
  A gnoll sergeant (D:9)
  19 wights
  12 killer bees
  An electric eel (Lair:2)
  2 jellies
  4 orc priests
  4 hounds
  Jessica (D:3)
  A sleepcap (D:8)
  2 iguanas
  An orc wizard (D:10)
  6 gnolls
  9 adders
  A river rat (D:6)
  2 shadow imps
  2 white imps
  2 dart slugs
  29 orcs
  9 ball pythons
  12 endoplasms
  2 giant cockroaches (D:1)
  10 goblins
  7 hobgoblins
  3 jackals (D:5)
  2 quokkas
  7 bats
  2 frilled lizards (D:1)
  11 kobolds
  13 rats
445 creatures vanquished.

Vanquished Creatures (collateral kills)
  Aizul (Snake:1)
1 creature vanquished.

Grand Total: 446 creatures vanquished

Notes
Turn   | Place    | Note
-------+----------+-------------------------------------------
     0 | D:1      | holysushi the Meteoran Earth Elementalist began the quest
                  | for the Orb.
     0 | D:1      | Reached XP level 1. HP: 14/14 MP: 5/5
    87 | D:2      | Reached XP level 2. HP: 20/20 MP: 2/6
   118 | D:1      | Found Tyosuhab's General Store.
   177 | D:1      | Reached skill level 3 in Dodging
   239 | D:2      | Learned a level 2 spell: Passwall
   275 | D:2      | Reached XP level 3. HP: 26/26 MP: 6/8
   519 | D:2      | Learned a level 3 spell: Stone Arrow
   519 | D:2      | Upgraded the game from 0.31-a0-229-g1fc7ce93e2 to
                  | 0.31-a0-232-gb1c03b2570
   554 | D:2      | Identified a scroll of acquirement
   554 | D:2      | Acquired the scarf of Stoicism {repulsion, Contam rN+
                  | rCorr}
   596 | D:2      | Found a faded altar of an unknown god.
   670 | D:2      | Reached XP level 4. HP: 33/33 MP: 7/9
   712 | D:3      | Found Totuv's Jewellery Shoppe.
   714 | D:3      | Reached skill level 1 in Conjurations
   835 | D:3      | Found Ipyev's Weapon Boutique.
   865 | D:3      | Found a faded altar of an unknown god.
   865 | D:3      | Found the Hermit's Pendant {Faith Invo=14 Evo=0 MP+5}
   869 | D:3      | Reached XP level 5. HP: 34/38 MP: 6/10
   916 | D:3      | Noticed Jessica
   927 | D:3      | Killed Jessica
   928 | D:3      | Reached skill level 4 in Dodging
   928 | D:3      | Reached skill level 5 in Earth Magic
   940 | D:3      | Found Wihewkuf's Armour Shop.
   979 | D:3      | Bought a +0 helmet for 63 gold pieces
  1022 | D:4      | Noticed a black bear
  1026 | D:4      | Killed a black bear
  1027 | D:4      | Reached XP level 6. HP: 31/45 MP: 14/17
  1138 | D:4      | Reached skill level 5 in Dodging
  1160 | D:4      | Reached XP level 7. HP: 30/50 MP: 18/18
  1238 | D:5      | Entered Level 5 of the Dungeon
  1290 | D:5      | Noticed a water moccasin
  1290 | D:5      | Found Sycutobb's Distillery.
  1411 | D:5      | Killed a water moccasin
  1421 | D:5      | Gained mutation: Your magical capacity is low. (-10% MP)
                  | [potion of mutation]
  1421 | D:5      | Gained mutation: Your body sometimes deteriorates upon
                  | taking damage. [potion of mutation]
  1421 | D:5      | Gained mutation: You are clumsy. (Dex -2) [potion of
                  | mutation]
  1484 | D:6      | Reached skill level 6 in Dodging
  1484 | D:6      | Reached XP level 8. HP: 54/57 MP: 14/17
  1493 | D:5      | Reached skill level 5 in Conjurations
  1518 | D:6      | Found a hazy altar of Hepliaklqana.
  1575 | D:6      | Found a glowing drain.
  1583 | Sewer    | Entered a sewer
  1756 | Sewer    | Reached skill level 7 in Dodging
  1804 | Sewer    | Gained mutation: You passively map the area around you.
                  | [Meteoran growth]
  1804 | Sewer    | Reached XP level 9. HP: 49/62 MP: 12/18
  1946 | Sewer    | Glimpsed the power of Zot.
  1996 | D:6      | Found a staircase to the Ecumenical Temple.
  2005 | Temple   | Entered the Ecumenical Temple
  2019 | Temple   | Learned a level 1 spell: Apportation
  2032 | Temple   | Became a worshipper of Qazlal Stormbringer
  2117 | D:6      | Noticed Prince Ribbit
  2124 | D:6      | Killed Prince Ribbit
  2125 | D:6      | Reached skill level 8 in Dodging
  2209 | D:8      | Noticed a +0 spear
  2209 | D:8      | Noticed a +0 dagger
  2210 | D:8      | Noticed a +0 short sword
  2211 | D:8      | Noticed a +0 falchion
  2211 | D:8      | Noticed a +0 dagger
  2211 | D:8      | Noticed a +0 spear
  2212 | D:8      | Noticed a +0 short sword
  2212 | D:8      | Noticed a +0 falchion
  2214 | D:8      | Found a hide-covered altar of Uskayaw.
  2307 | D:7      | Found a bloodstained altar of Trog.
  2308 | D:7      | Found an iron altar of Okawaru.
  2330 | D:7      | You fall into a shaft and drop 2 floors!
  2345 | D:9      | Reached * piety under Qazlal
  2347 | D:9      | Found a flagged portal.
  2354 | Bailey   | Entered a bailey
  2370 | Bailey   | Reached skill level 9 in Dodging
  2370 | Bailey   | Reached XP level 10. HP: 22/69 MP: 0/19
  2484 | D:7      | Reached skill level 10 in Earth Magic
  2499 | D:7      | Reached skill level 10 in Dodging
  2552 | D:6      | Reached skill level 11 in Dodging
  2709 | D:7      | Found a radiant altar of Vehumet.
  2732 | D:8      | Reached skill level 12 in Dodging
  2741 | D:8      | Reached ** piety under Qazlal
  2966 | D:9      | Reached skill level 13 in Dodging
  2995 | D:9      | Reached XP level 11. HP: 48/73 MP: 2/20
  3169 | D:10     | Entered Level 10 of the Dungeon
  3280 | D:10     | Reached skill level 14 in Dodging
  3319 | D:10     | Reached *** piety under Qazlal
  3324 | D:10     | Found a staircase to the Orcish Mines.
  3357 | D:10     | Noticed a two-headed ogre
  3361 | D:10     | Killed a two-headed ogre
  3362 | D:10     | Lost mutation: Your body sometimes deteriorates upon taking
                  | damage. [potion of mutation]
  3362 | D:10     | Lost mutation: Your magical capacity is low. (-10% MP)
                  | [potion of mutation]
  3362 | D:10     | Gained mutation: You occasionally lose the ability to drink
                  | potions when taking damage. [potion of mutation]
  3362 | D:10     | Gained mutation: You have large cloven feet. [potion of
                  | mutation]
  3389 | D:10     | Identified the +8 quarterstaff of Hourch Ezyo {freeze,
                  | Int+6}
  3394 | D:10     | Reached skill level 15 in Dodging
  3394 | D:10     | Reached skill level 1 in Translocations
  3406 | D:10     | Found a staircase to the Lair.
  3435 | Lair:1   | Entered Level 1 of the Lair of Beasts
  3495 | D:10     | Found Egogagav's Weapon Shop.
  3507 | D:10     | Noticed a sixfirhy
  3618 | D:10     | Reached skill level 1 in Shields
  3662 | D:12     | Found a portal to a secret trove of treasure.
  3670 | D:11     | Reached skill level 1 in Fighting
  3713 | D:11     | Noticed Maurice
  3720 | D:11     | Killed Maurice
  3726 | D:12     | Noticed a boulder beetle
  3737 | D:11     | Learned a level 4 spell: Petrify
  3763 | D:11     | Noticed a cyan ugly thing
  3767 | D:11     | Killed a cyan ugly thing
  3795 | D:11     | Noticed Sonja
  3798 | D:11     | Reached XP level 12. HP: 68/85 MP: 19/23
  3801 | D:11     | Reached **** piety under Qazlal
  3803 | D:11     | Killed Sonja
  3887 | Orc:1    | Entered Level 1 of the Orcish Mines
  3967 | D:10     | Reached skill level 5 in Shields
  3975 | Orc:1    | Noticed an orc warlord
  3976 | Orc:1    | Noticed an orc warlord
  4096 | Lair:1   | Reached skill level 5 in Spellcasting
  4137 | Lair:1   | Reached skill level 16 in Dodging
  4158 | Lair:1   | Noticed a boulder beetle
  4178 | Lair:1   | Killed a boulder beetle
  4215 | Lair:2   | Reached skill level 5 in Fighting
  4383 | Lair:2   | Reached XP level 13. HP: 100/100 MP: 24/24
  4428 | Lair:2   | Reached skill level 17 in Dodging
  4526 | Lair:2   | Reached ***** piety under Qazlal
  4540 | Lair:2   | Found a staircase to the Snake Pit.
  4709 | Lair:5   | Entered Level 5 of the Lair of Beasts
  4726 | Lair:4   | Acquired 452 gold pieces
  4801 | Lair:3   | Reached skill level 18 in Dodging
  4806 | Lair:4   | Noticed a four-headed hydra
  4811 | Lair:4   | Killed a four-headed hydra
  4907 | Lair:5   | Noticed a four-headed hydra
  4914 | Lair:5   | Killed a four-headed hydra
  4915 | Lair:5   | Reached skill level 1 in Staves
  4937 | Lair:5   | Found a frozen archway.
  4951 | IceCv    | Entered an ice cave
  5056 | IceCv    | Reached skill level 5 in Translocations
  5057 | IceCv    | Reached XP level 14. HP: 93/107 MP: 2/27
  5118 | IceCv    | Lost mutation: You have large cloven feet. [potion of
                  | mutation]
  5118 | IceCv    | Lost mutation: You are clumsy. (Dex -2) [potion of
                  | mutation]
  5118 | IceCv    | Lost mutation: You occasionally lose the ability to drink
                  | potions when taking damage. [potion of mutation]
  5118 | IceCv    | Gained mutation: Your spells are a little easier to cast,
                  | but a little less powerful. [potion of mutation]
  5118 | IceCv    | Gained mutation: You have supernaturally acute eyesight.
                  | (SInv) [potion of mutation]
  5337 | IceCv    | Noticed a frost giant
  5343 | IceCv    | Killed a frost giant
  5378 | IceCv    | Glimpsed the power of Zot.
  5426 | IceCv    | Glimpsed the power of Zot.
  5440 | IceCv    | Identified the +8 scimitar "Yhijun" {protect, rF- Str+5}
  5486 | Lair:5   | Reached skill level 19 in Dodging
  5513 | Lair:5   | Reached skill level 10 in Spellcasting
  5556 | Lair:5   | Reached skill level 5 in Staves
  5772 | Lair:5   | Reached XP level 15. HP: 87/113 MP: 18/31
  5820 | Lair:5   | Identified the +8 plate armour of Absolutism {-Tele rF++}
  5910 | Lair:5   | Found a viscous altar of Jiyva.
  5910 | Lair:5   | Found a staircase to the Slime Pits.
  5921 | Slime:1  | Entered Level 1 of the Pits of Slime
  5921 | Slime:1  | Noticed a rockslime
  5921 | Slime:1  | Noticed an acid blob
  5921 | Slime:1  | Noticed an azure jelly
  5922 | Slime:1  | Killed an azure jelly
  5922 | Slime:1  | Noticed a quicksilver ooze
  5923 | Slime:1  | Killed an acid blob
  5925 | Slime:1  | Killed a rockslime
  5925 | Slime:1  | Gained mutation: Your spells are easier to cast, but less
                  | powerful. [a shining eye]
  5926 | Slime:1  | Reached skill level 20 in Dodging
  5926 | Slime:1  | Noticed a rockslime
  5926 | Slime:1  | Gained mutation: You are clumsy. (Dex -2) [a shining eye]
  6008 | Snake:1  | Entered Level 1 of the Snake Pit
  6147 | Snake:1  | Identified the +7 spear of Eternal Harmony {freeze, rF+}
  6167 | Snake:1  | Reached skill level 21 in Dodging
  6194 | Snake:1  | Noticed a thorn hunter
  6203 | Snake:1  | Killed a thorn hunter
  6229 | Snake:1  | Reached skill level 22 in Dodging
  6262 | Snake:2  | Noticed Aizul
  6276 | Snake:1  | Killed Aizul
  6284 | Snake:1  | Killed from afar by a swamp dragon

Illustrated notes

Levels and vault maps discovered:
D:1:      heliophobic_arrival_dark_side_of_the_moon, layout_basic, serial_shops,
          nicolae_square_shop
D:2:      layout_basic, shapermc_ecumenical_altar_mp_vishouse,
          serial_corexii_hall, corexii_hall_statues_i,
          chequers_hall_statues_wall_a, minmay_close_crescents
D:3:      layout_basic, mainiacjoe_overflow_24_doors, zin_academy,
          grunt_temple_overflow_open, serial_shops,
          nicolae_shop_tiny_statue_garden, shop,
          nicolae_shop_tiny_real_fake_doors, shop, shop,
          minmay_misc_feat_diagonals, st_stairs_1,
          hellmonk_guarded_unrand_hermit, uniq_jessica
D:4:      layout_loops_ring, minmay_pentomino_pile
D:5:      layout_basic, nicolae_inconvenience_store
D:6:      layout_gridville, general_overflow_altar, temple_hall,
          portal_sewer_entry_c, hex_tiny, uniq_prince_ribbit1
D:7:      kennysheep_six_static_rooms, layout_loops_ring,
          grunt_temple_overflow_bloody_war, lemuel_doored_altar
D:8:      layout_loops_ring, nicolae_uskayaw_en_pointe,
          corexii_leaking_fountain, uniq_grum
D:9:      layout_rooms, enter_bailey_3, minmay_misc_feat_ornament
D:10:     layout_irregular_city, lair_entry_dummy, minmay_orc_entry_guard_dogs,
          serial_shops, kennysheep_little_box
D:11:     layout_layer_cave, gauntlet_entry_generic, uniq_sonja, uniq_maurice
D:12:     layout_cave_pods, nzn_ghost_randoct, enter_trove_1
Temple:   hellmonk_temple_rainy
Lair:1:   layout_loops_ring, hangedman_lair_unloving_vines, fungi_pond_lemuel,
          beast_lair_carwin_4
Lair:2:   layout_concentric_octagons, minmay_shoals_entry_hut,
          minmay_snake_entry_six_corridors, ebering_ghost_funeral_grove,
          serial_bayou_crossing
Lair:3:   layout_layer_cave, gammafunk_ghost_split
Lair:4:   hellmonk_destroyed_diamonds, layout_cave_pods
Lair:5:   minmay_lair_end_frog_pond, layout_regular_city, slime_entry_1,
          portal_ice_cave_demonic_guard
Snake:1:  onia_ninara_swampy_vault, layout_misc_corridors,
          nicolae_snake_boneroom
Snake:2:  minmay_snake_river, layout_misc_corridors, serial_shops,
          nicolae_shop_pleasant_corner_grove, serial_bayou_shore_a, uniq_aizul
Slime:1:  layout_caves
Orc:1:    layout_diamond_mine, serial_shops, nicolae_shop_mannequins

Skill      XL: |  1  2  3  4  5  6  7  8  9 10 11 12 13 14 15 |
---------------+----------------------------------------------+-----
Earth Magic    | 4 5 6 7 9 10 12 13 | 13.6
Dodging        | 3 4 5 6 7 9 13 15 16 18 19 22 | 22.4
Conjurations   | 1 2 3 4 6 8 |  8.0
Translocations | 4 5 6 |  6.0
Shields        | 3 5 |  5.0
Fighting       | 2 5 |  5.0
Spellcasting   | 3 7 8 11 12 | 12.0
Staves         | 2 6 |  6.9
Stealth        | |  1.4
Transmutations | |  1.3

Action                     |  1- 3 |  4- 6 |  7- 9 | 10-12 | 13-15 || total
---------------------------+-------+-------+-------+-------+-------++-------
  Melee: Unarmed           |     9 |       |       |       |       ||     9
         Staff             |     5 |     9 |     5 |    11 |   296 ||   326
         Punch             |       |       |       |     1 |       ||     1
   Cast: Sandblast         |    46 |    41 |   101 |   161 |   248 ||   597
         Passwall          |       |     1 |     7 |    12 |     3 ||    23
         Stone Arrow       |       |     4 |    44 |   129 |   168 ||   345
         Apportation       |       |       |       |     6 |    44 ||    50
         Petrify           |       |       |       |     1 |       ||     1
 Invoke: Upheaval          |       |       |       |     4 |    15 ||    19
         Disaster Area     |       |       |       |       |     2 ||     2
         Elemental Force   |       |       |       |       |     1 ||     1
    Use: Scroll            |     4 |       |     6 |     7 |     9 ||    26
         Potion            |       |       |     3 |     5 |     3 ||    11
   Stab: Paralysed         |       |       |       |       |     2 ||     2
 Armour: Robe              |     9 |     7 |    16 |     8 |       ||    40
         Troll leather arm |       |       |       |    24 |    85 ||   109
  Dodge: Dodged            |    32 |    19 |    67 |   158 |   339 ||   615
         Repelled          |       |       |       |     2 |     3 ||     5
  Block: Other             |       |       |       |    11 |       ||    11
         Kite shield       |       |       |       |   112 |   562 ||   674

Table legend: (Time is in decaauts)
 A = Elapsed time spent in this place.
 B = Non-inter-level travel time spent in this place.
 C = Inter-level travel time spent in this place.
 D = Time resting spent in this place.
 E = Time spent auto-exploring this place.
 F = Levels seen in this place.
 G = Mean time per level.
                   A        B        C        D        E       F      G
               +--------+--------+--------+--------+--------+-----+--------+
         Total |   6779 |   6609 |    170 |     29 |      0 |  25 |  271.2 |
       Dungeon |   3715 |   3606 |    109 |     29 |      0 |  12 |  309.6 |
        Temple |     33 |     33 |      0 |      0 |      0 |   1 |   33.0 |
          Lair |   1614 |   1553 |     61 |      0 |      0 |   5 |  322.8 |
     Snake Pit |    238 |    238 |      0 |      0 |      0 |   2 |  119.0 |
    Slime Pits |      5 |      5 |      0 |      0 |      0 |   1 |    5.0 |
  Orcish Mines |     24 |     24 |      0 |      0 |      0 |   1 |   24.0 |
         Sewer |    539 |    539 |      0 |      0 |      0 |   1 |  539.0 |
        Bailey |     23 |     23 |      0 |      0 |      0 |   1 |   23.0 |
      Ice Cave |    584 |    584 |      0 |      0 |      0 |   1 |  584.0 |
               +--------+--------+--------+--------+--------+-----+--------+

Top non-repeatable levels by time:
    D:10: 627 daAuts
  Lair:5: 618 daAuts
   IceCv: 584 daAuts
   Sewer: 539 daAuts
     D:2: 432 daAuts
     D:9: 423 daAuts
  Lair:2: 399 daAuts
     D:6: 361 daAuts
     D:7: 338 daAuts
     D:4: 324 daAuts
     D:3: 309 daAuts
     D:1: 270 daAuts
  Lair:4: 243 daAuts
 Snake:1: 232 daAuts
     D:5: 216 daAuts
